 Dungeon Crawl Stone Soup version 0.26-a0-542-gbaa144ba5c (webtiles) character file.

Game seed: 15200575596929187835

360 Eifo4Ohj9gu9Dob0ohLe the Chopper (level 6, -8/53 HPs)
             Began as a Draconian Berserker on Aug 18, 2020.
             Was a Believer of Trog.
             Killed by divine providence
             ... invoked by an orc priest
              (13 damage)
             ... on level 4 of the Dungeon.
             The game lasted 00:12:37 (3691 turns).

Eifo4Ohj9gu9Dob0ohLe the Chopper (DrBe)             Turns: 3691, Time: 00:12:41

Health: -8/53      AC:  9    Str: 21    XL:     6   Next: 38%
Magic:  6/6        EV: 13    Int:  7    God:    Trog [**....]
Gold:   174        SH:  0    Dex: 11    Spells: 5/5 levels left

rFire    . . .     SeeInvis .   a - +1 hand axe
rCold    . . .     Faith    .   (no shield)
rNeg     . . .     Spirit   .   (armour unavailable)
rPois    .         Reflect  .   (helmet restricted)
rElec    .         Harm     .   e - +1 cloak
rCorr    .                      g - +0 pair of gloves
MR       .....                  (no boots)
Stlth    +.........             (no amulet)
HPRegen  0.17/turn              (no ring)
MPRegen  0.10/turn              (no ring)

@: berserk cooldown, slowed, very slow
A: unfitting armour, cold-blooded, AC +6
a: Berserk, Trog's Hand, Renounce Religion


You were on level 4 of the Dungeon.
You worshipped Trog.
Trog was pleased with you.
You visited 1 branch of the dungeon, and saw 4 of its levels.

You collected 174 gold pieces.

Inventory:

Hand Weapons
 a - a +1 hand axe (weapon)
 f - a +1 short sword of venom
 n - a +2 dagger of electrocution
Armour
 e - a +1 cloak (worn)
 g - a +0 pair of gloves (worn)
Jewellery
 l - an uncursed ring of protection from fire {unknown}
Scrolls
 h - a scroll of fog
 i - a scroll of identify
 j - a scroll of enchant weapon
Potions
 b - a potion of lignification
 c - 2 potions of brilliance
 d - a potion of curing


   Skills:
 + Level 4.4 Fighting
 + Level 5.4 Axes
 + Level 4.2 Dodging
 + Level 1.0 Stealth


You had 5 spell levels left.
You didn't know any spells.
Your spell library was empty.

Dungeon Overview and Level Annotations

Branches:
Dungeon (4/15)             Temple (0/1) D:4

Altars:

Annotations:
D:4 Edmund


Innate Abilities, Weirdness & Mutations

Your plain brown scales are hard. (AC +6)
You cannot fit into any form of body armour.
You are cold-blooded and may be slowed by cold attacks.


Message History

The orc wizard closely misses you.
The orc wizard hits you but does no damage.
The orc priest mumbles some strange prayers to Beogh against you.
Beogh smites you!
* * * LOW HITPOINT WARNING * * *
You see here a gnoll skeleton.
You feel your anger nearly subside.
You are no longer berserk.
You are exhausted.
You feel yourself slow down.
The orc wizard hits you but does no damage.
The orc wizard hits you but does no damage.
The orc wizard misses you.
You closely miss the orc wizard. You hit the orc.
The orc wizard casts a spell at you. You resist with some effort.
The orc hits you but does no damage.
The orc wizard hits you but does no damage.
The orc priest mumbles some strange prayers to Beogh against you.
Beogh smites you!
You die...

#..#.....#.#*****,,,,,,,,,,,,,,,,
#.(......#.# *#..,*#.,,,,,*,,<
...........## *..,,..#>,,,,*,,,
............#####.#*...#,,,,,,,,,
#.......#.....#.#.##....,,,,**+**
........##.#............,,,**,,,*
#..........####.........,,**,,,,,
............##..........,,**,,>,,
..............oo@.......,,,*,,,,,
....#.##..##...o@.......,,,**,,,*
###.#.###..#..o.............*****
##...#....รท......#.......,,,,,,
#...###..o####.###.....,,,...,
#......)...# #........#,......
##...#.##..##*....#...##......
##.######..####.............# ###
##oo#.#......##....##


You could see Edmund, 2 orc priests, an orc wizard (fast) and 2 orcs.

Vanquished Creatures
  An ogre (D:4)
  A jelly (D:3)
  A hound (D:4)
  An orc wizard (D:3)
  7 gnolls
  2 adders (D:3)
  An ooze (D:4)
  2 worms (D:2)
  7 dart slugs
  A leopard gecko (D:1)
  9 orcs
  2 ball pythons
  A bat (D:3)
  4 giant cockroaches
  8 hobgoblins
  8 jackals
  A quokka (D:3)
  3 frilled lizards
  3 goblins (D:3)
  7 kobolds
  7 rats
77 creatures vanquished.

Notes
Turn   | Place    | Note
-------+----------+-------------------------------------------
     0 | D:1      | Eifo4Ohj9gu9Dob0ohLe the Draconian Berserker began the
                  | quest for the Orb.
     0 | D:1      | Reached XP level 1. HP: 19/19 MP: 1/1
   249 | D:1      | Reached XP level 2. HP: 19/26 MP: 2/2
   928 | D:1      | Reached XP level 3. HP: 31/31 MP: 3/3
  2089 | D:2      | Reached ** piety under Trog
  2089 | D:2      | Reached XP level 4. HP: 26/40 MP: 4/4
  2339 | D:3      | Reached skill level 4 in Axes
  2758 | D:3      | Reached XP level 5. HP: 46/46 MP: 5/5
  3372 | D:4      | Reached skill level 5 in Axes
  3377 | D:4      | Reached XP level 6. HP: 28/53 MP: 6/6
  3610 | D:4      | Reached skill level 1 in Stealth
  3655 | D:4      | Noticed Edmund
  3691 | D:4      | Killed from afar by an orc priest

Illustrated notes

Levels and vault maps discovered:
D:1:      scummos_arrival_gate, layout_basic, minmay_misc_feat_chi
D:2:      layout_loops_cross
D:3:      layout_loops_ring, serial_glass, glass_columns_c, glass_columns_b
D:4:      layout_cave_pools, kennysheep_mini,
          minmay_temple_entry_enclosed_plants, nicolae_underground_beach,
          uniq_edmund, uniq_sigmund, uniq_duvessa

Skill      XL: |  1  2  3  4  5  6 |
---------------+-------------------+-----
Dodging        | 3 4 |  4.2
Axes           | 4 5 |  5.4
Fighting       | 4 |  4.4
Stealth        | 1 |  1.0

Action                   |  1- 3 |  4- 6 || total
-------------------------+-------+-------++-------
Melee: Hand axe          |   124 |   139 ||   263
       Tailslap          |    13 |     9 ||    22
Invok: Berserk           |     1 |     5 ||     6
  Use: Potion            |     2 |     5 ||     7
       Scroll            |     3 |     5 ||     8
Armor: Skin              |    18 |    57 ||    75
Dodge: Dodged            |    92 |    90 ||   182

Table legend: (Time is in decaauts)
 A = Elapsed time spent in this place.
 B = Non-inter-level travel time spent in this place.
 C = Inter-level travel time spent in this place.
 D = Time resting spent in this place.
 E = Time spent auto-exploring this place.
 F = Levels seen in this place.
 G = Mean time per level.
                   A        B        C        D        E       F      G
               +--------+--------+--------+--------+--------+-----+--------+
         Total |   3746 |   3746 |      0 |   1402 |    793 |   4 |  936.5 |
       Dungeon |   3746 |   3746 |      0 |   1402 |    793 |   4 |  936.5 |
               +--------+--------+--------+--------+--------+-----+--------+

Top non-repeatable levels by time:
     D:1: 1195 daAuts
     D:3: 1115 daAuts
     D:2: 1081 daAuts
     D:4: 354 daAuts
